 Dungeon Crawl Stone Soup version 0.30-a0-534-gdc55766716 (webtiles) character file.

Game seed: 3812733121156344629

181 Jase the Chopper (level 5, 0/47 HPs)
             Began as a Hill Orc Monk on Dec 25, 2022.
             Slain by an orc
             ... wielding a +0 short sword
              (3 damage)
             ... on level 3 of the Dungeon.
             The game lasted 00:06:59 (2424 turns).

Jase the Chopper (Hill Orc Monk)                    Turns: 2424, Time: 00:07:00

Health: 0/47       AC:  5    Str: 16    XL:     5   Next: 61%
Magic:  5/5        EV: 12    Int: 10    God:
Gold:   76         SH:  0    Dex: 19    Spells: 4/4 levels left

rFire   . . .      SeeInvis +    a - +0 war axe
rCold   . . .      Faith    .    (no shield)
rNeg    . . .      Spirit   .    c - +0 ring mail
rPois   .          Reflect  .    (no helmet)
rElec   .          Harm     .    (no cloak)
rCorr   .          Rampage  .    (no gloves)
Will    .....                    (no boots)
Stlth   ++                       (no amulet)
HPRegen 0.27/turn                l - ring of see invisible
MPRegen 0.09/turn                o - +6 ring of dexterity

@: no status effects
A: no striking features
a: no special abilities


You were on level 3 of the Dungeon.
You visited 1 branch of the dungeon, and saw 3 of its levels.

You collected 87 gold pieces.
You spent 11 gold pieces at shops.

Inventory:

Hand Weapons
 a - a +0 war axe (weapon)
Missiles
 b - 46 stones (quivered)
Armour
 c - a +0 ring mail (worn)
 q - the +1 robe of Sharp Lucidity {rPois Will+ Int-5 Dex+2}
   (You took it off a kobold on level 2 of the Dungeon)

   Int:       It affects your intelligence (-5).
   Dex:       It affects your dexterity (+2).
   rPois:     It protects you from poison.
   Will:      It increases your willpower.
Jewellery
 l - a ring of see invisible (left hand)
 o - a +6 ring of dexterity (right hand)
 v - a ring of flight
Scrolls
 f - a scroll of fear {unknown}
 h - 2 scrolls of immolation {unknown}
 j - a scroll of teleportation {unknown}
 k - 4 scrolls of identify {unknown}
 m - 2 scrolls of brand weapon {unknown}
 p - a scroll of fog {unknown}
 t - a scroll of silence {unknown}
 u - a scroll of poison {unknown}
Potions
 d - 3 potions of heal wounds
 e - a potion of resistance {unknown}
 g - 2 potions of might {unknown}
 i - a potion of berserk rage {unknown}
 n - 2 potions of curing {unknown}
 r - 3 potions of lignification {unknown}
 s - a potion of invisibility {unknown}


   Skills:
 + Level 4.9 Fighting
 + Level 5.4 Axes
 + Level 2.4 Armour
 - Level 3.0 Dodging
 - Level 2.0 Stealth


You had 4 spell levels left.
You didn't know any spells.
Your spell library contained the following spells:

 Spells                   Type           Power      Damage    Failure   Level
 Magic Dart               Conj           0%         1d3       56%         1
 Call Imp                 Summ           0%         N/A       71%         2
 Mephitic Cloud           Conj/Pois/Air  0%         N/A       91%         3


Dungeon Overview and Level Annotations

Branches:
Dungeon (3/15)

Altars:

Shops:
D:2 [=*(


Message History

The orc is healed somewhat.
The orc barely misses you.
You bump into the rock wall.
The orc hits you with a +0 whip.
The orc wizard hits you with a +0 dagger.
The orc priest closely misses you. The orc hits you with a +0 short sword.
The orc attacks as you move away! The orc barely misses you.
The orc priest attacks as you move away!
The orc priest hits you with a +0 hand axe.
You feel less confused. The orc hits you but does no damage.
The orc wizard hits you with a +0 dagger.
The orc priest calls upon Beogh to heal the orc.
The orc's wounds heal themselves!
You slash the orc wizard!
You kill the orc wizard!
You closely miss the orc. You hit the orc. The orc hits you with a +0 whip.
The orc closely misses you. x2; The orc hits you with a +0 short sword.
You hit the orc priest.
The orc priest shouts, "Beogh is our master!
Accept the truth or die!"
The orc priest is heavily wounded.
You closely miss the orc. x2; The orc hits you but does no damage.
The orc hits you with a +0 short sword.
* * * LOW HITPOINT WARNING * * *
The orc priest mumbles some strange prayers to Beogh against you.
You barely resist. You closely miss the orc priest.
The orc priest is heavily wounded.
You slash the orc!
You kill the orc!
You completely miss the orc. The orc barely misses you.
The orc priest calls down the wrath of Beogh upon you.
Beogh smites you!
* * * LOW HITPOINT WARNING * * *
You barely miss the orc priest.
The orc priest is heavily wounded.
You barely miss the orc. The orc barely misses you.
The orc priest closely misses you.
You slash the orc priest!
You kill the orc priest!
You hit the orc. The orc hits you with a +0 short sword.
You die...

..#......#.##.# #.##....
..#.##.#.#.##.# #.#.....
..#†)....#.##.# #.####
......<#.#.##.# #.#.##
.........#.##.# #.....
######.#.#.##.# #.###..#
...........##.############......#
^..........#....)).......#####.##
########...#....@o....... #<#
...........#.....)....... ###
#########..##.########### #
#..##.# # #...#.# # #.#...# #
###.###.### # #...# #...# #
#####...# #.#.#


You could see an orc.

Vanquished Creatures
  An orc priest (D:3)
  Natasha (D:2)
  An orc wizard (D:3)
  3 adders
  An ufetubus (D:3)
  A worm (D:2)
  3 dart slugs
  An orc (D:3)
  5 bats
  7 endoplasms
  3 giant cockroaches
  7 goblins
  14 hobgoblins
  4 jackals (D:1)
  9 kobolds
  3 quokkas (D:1)
  6 ball pythons
  2 frilled lizards
  9 rats
81 creatures vanquished.

Notes
Turn   | Place    | Note
-------+----------+-------------------------------------------
     0 | D:1      | Jase the Hill Orc Monk began the quest for the Orb.
     0 | D:1      | Reached XP level 1. HP: 19/19 MP: 1/1
    80 | D:1      | Reached XP level 2. HP: 24/27 MP: 2/2
   193 | D:1      | Reached XP level 3. HP: 32/33 MP: 3/3
   910 | D:2      | Reached skill level 1 in Armour
  1033 | D:2      | Reached XP level 4. HP: 22/40 MP: 4/4
  1049 | D:2      | Identified the +1 robe of Sharp Lucidity {rPois Will+ Int-5
                  | Dex+2}
  1114 | D:2      | Found Bialaub's General Store.
  1132 | D:2      | Bought a potion of degeneration for 11 gold pieces
  1199 | D:2      | Found Kicwur's Jewellery Shoppe.
  1204 | D:2      | Found Wikkaq's Armour Shop.
  1324 | D:2      | Noticed Natasha
  1343 | D:2      | Killed Natasha
  1344 | D:2      | Reached skill level 5 in Axes
  1740 | D:2      | Reached XP level 5. HP: 47/47 MP: 5/5
  1779 | D:2      | Found Hettafij's Weapon Emporium.
  2424 | D:3      | Slain by an orc

Illustrated notes

Levels and vault maps discovered:
D:1:      ebering_trefoil_3fold, layout_basic, serial_curves, eino_curves_01,
          eino_curves_02, eino_curves_01, eino_curves_01,
          roderic_three_in_a_row, minmay_cupped
D:2:      minmay_door_path, layout_basic, serial_shops, nicolae_shop_stone,
          shop, shop, nicolae_diamond_shop, uniq_natasha
D:3:      layout_basic

Skill      XL: |  1  2  3  4  5 |
---------------+----------------+-----
Fighting       | 4 |  4.9
Stealth        | 2 |  2.0
Armour         | 1 2 |  2.4
Axes           | 5 |  5.4
Dodging        | 3 |  3.0

Action                   |  1- 3 |  4- 6 || total
-------------------------+-------+-------++-------
Melee: Hand axe          |   150 |    48 ||   198
       War axe           |       |    64 ||    64
       Punch             |       |     1 ||     1
  Use: Potion            |     1 |       ||     1
 Stab: Sleeping          |     2 |     7 ||     9
Armor: Robe              |    10 |       ||    10
       Ring mail         |    44 |    38 ||    82
Dodge: Dodged            |   111 |    76 ||   187

Table legend: (Time is in decaauts)
 A = Elapsed time spent in this place.
 B = Non-inter-level travel time spent in this place.
 C = Inter-level travel time spent in this place.
 D = Time resting spent in this place.
 E = Time spent auto-exploring this place.
 F = Levels seen in this place.
 G = Mean time per level.
                   A        B        C        D        E       F      G
               +--------+--------+--------+--------+--------+-----+--------+
         Total |   2452 |   2398 |     54 |    218 |   1579 |   3 |  817.3 |
       Dungeon |   2452 |   2398 |     54 |    218 |   1579 |   3 |  817.3 |
               +--------+--------+--------+--------+--------+-----+--------+

Top non-repeatable levels by time:
     D:2: 1228 daAuts
     D:1: 881 daAuts
     D:3: 342 daAuts
